 Dungeon Crawl Stone Soup version 0.21.1-1-g345015fe64 (webtiles) character file.

41226 Jannitor the Nimble (level 13, -3/61 HPs)
             Began as a Felid Chaos Knight on May 14, 2018.
             Slain by a wolf spider (8 damage)
             ... on level 14 of the Dungeon on May 15, 2018.
             The game lasted 02:00:56 (40810 turns).

Jannitor the Nimble (Felid Chaos Knight)           Turns: 40810, Time: 02:00:57

Health: -3/61      AC:  7    Str: 10    XL:     13   Next: 78%
Magic:  7/28       EV: 30    Int: 18    God:    Xom [....*.]
Gold:   2763       SH:  0    Dex: 18    Spells: 3/32 levels left
                                        Lives:  0   Deaths: 3

rFire    + . .     SeeInvis +     - Unarmed
rCold    + . .     Gourm    .   (shield unavailable)
rNeg     . . .     Faith    .   (armour unavailable)
rPois    +         Spirit   .   (helmet unavailable)
rElec    .         Reflect  .   (cloak unavailable)
rCorr    .         Harm     .   (gloves unavailable)
MR       +....     Clarity  +   (boots unavailable) Stlth +++++.....Rnd*Tele +
                                H - amulet of rage
HPRegen  0.20/turn              c - ring of protection from fire
MPRegen  0.21/turn              h - ring of wizardry

@: radiating poison, quick
A: very small, no armour, no weapons or thrown items, stealth, claws 1, fangs 3,
iridescent scales 1, thin metallic scales 1, thin skeletal structure 1, see
invisible, carnivore, clarity, speed 1, sense surroundings 2, poison resistance,
shaggy fur 3, slow metabolism 1, strong 1, teleportitis 1, evolution 1, sharp
paws
a: Renounce Religion, Evoke Berserk Rage


You were on level 14 of the Dungeon.
You worshipped Xom.
You were a beloved toy of Xom.
You were very full.

You visited 4 branches of the dungeon, and saw 23 of its levels.
You also visited: Labyrinth and Ice Cave.

You collected 3998 gold pieces.
You spent 1235 gold pieces at shops.

Inventory:

Jewellery
 c - a ring of protection from fire (left paw)
 h - a ring of wizardry (right paw)
 j - an uncursed ring of protection from fire
 w - an uncursed amulet of regeneration
 y - an uncursed ring of protection from fire
 B - the ring "Nacil" {Fire Str+3 Int-5 Dex+6 Stlth+}
   (You found it in a labyrinth)

   [ring of fire]

   It enhances your fire magic.
   It affects your strength (+3).
   It affects your intelligence (-5).
   It affects your dexterity (+6).
   It protects you from fire.
   It makes you vulnerable to cold.
   It makes you more stealthy.
 H - an amulet of rage (around neck)
Wands
 f - a wand of paralysis (4)
 m - a wand of scattershot (5)
 q - a wand of digging (9)
 u - a wand of random effects (109)
 v - a wand of flame (31)
 F - a wand of iceblast (9)
Scrolls
 g - 5 scrolls of fog
 i - 5 scrolls of amnesia
 n - 2 scrolls of teleportation
 o - 5 scrolls of immolation
 r - 16 scrolls of identify
 t - 2 scrolls of remove curse
 z - 2 scrolls of vulnerability
 O - a scroll of silence
Potions
 d - 2 potions of resistance
 l - 2 potions of curing
 s - 2 potions of brilliance
 x - 2 potions of agility
 D - 2 potions of cancellation
 E - a potion of haste
 G - 2 potions of berserk rage
 I - 2 potions of lignification
 K - 2 potions of might
 L - a potion of mutation
 M - 3 potions of heal wounds
Books
 b - Xom's Papyrus of Fanaticism
   (Xom gifted it to you in an ice cave)

   Spells                             Type                      Level
   a - Corpse Rot                     Necromancy                   2
   b - Regeneration                   Charms/Necromancy            3
   c - Stone Arrow                    Conjuration/Earth            3
   d - Animate Dead                   Necromancy                   4
   e - Agony                          Necromancy                   5
   f - Shatter                        Earth                        9
 e - a Young Poisoner's Handbook

   Spells                             Type                      Level
   a - Sting                          Conjuration/Poison           1
   b - Poisonous Vapours              Poison/Air                   2
   c - Mephitic Cloud                 Conjuration/Poison/Air       3
   d - Olgreb's Toxic Radiance        Poison                       4
   e - Venom Bolt                     Conjuration/Poison           5
 k - a book of Minor Magic

   Spells                             Type                      Level
   a - Magic Dart                     Conjuration                  1
   b - Blink                          Translocation                2
   c - Call Imp                       Summoning                    2
   d - Slow                           Hexes                        2
   e - Conjure Flame                  Conjuration/Fire             3
   f - Mephitic Cloud                 Conjuration/Poison/Air       3
 p - a book of Callings

   Spells                             Type                      Level
   a - Summon Small Mammal            Summoning                    1
   b - Call Imp                       Summoning                    2
   c - Call Canine Familiar           Summoning                    3
   d - Summon Guardian Golem          Hexes/Summoning              3
   e - Summon Lightning Spire         Summoning/Air                4
   f - Summon Ice Beast               Ice/Summoning                4
 A - a book of Misfortune

   Spells                             Type                      Level
   a - Confusing Touch                Hexes                        1
   b - Confuse                        Hexes                        3
   c - Gell's Gravitas                Translocation                3
   d - Petrify                        Transmutation/Earth          4
   e - Metabolic Englaciation         Hexes/Ice                    5
   f - Yara's Violent Unravelling     Hexes/Transmutation          5
 C - a book of Conjurations

   Spells                             Type                      Level
   a - Magic Dart                     Conjuration                  1
   b - Searing Ray                    Conjuration                  2
   c - Dazzling Spray                 Conjuration/Hexes            3
   d - Fulminant Prism                Conjuration/Hexes            4
   e - Force Lance                    Conjuration/Translocation    4
   f - Iskenderun's Mystic Blast      Conjuration                  4
 J - a book of Frost

   Spells                             Type                      Level
   a - Freeze                         Ice                          1
   b - Throw Frost                    Conjuration/Ice              2
   c - Ozocubu's Armour               Charms/Ice                   3
   d - Throw Icicle                   Conjuration/Ice              4
   e - Summon Ice Beast               Ice/Summoning                4
Comestibles
 a - 27 rations


   Skills:
 + Level 10.3 Fighting
 + Level 13.4 Dodging
 + Level 8.7 Stealth
 + Level 11.7 Unarmed Combat
 + Level 10.4 Spellcasting
 - Level 4.6 Hexes
 + Level 5.2 Charms
 - Level 6.5 Summonings
 - Level 4.0 Translocations
 - Level 3.6 Fire Magic
 - Level 2.6 Ice Magic
 - Level 4.5 Air Magic
 - Level 7.3 Poison Magic
 - Level 4.5 Evocations


You had 3 spell levels left.
You knew the following spells:

 Your Spells              Type           Power        Failure   Level  Hunger
a - Poisonous Vapours     Pois/Air       ####..       1%          2    None
b - Summon Lightning Spi  Summ/Air       ####....     3%          4    ###....
c - Olgreb's Toxic Radia  Pois           #####...     1%          4    ###....
d - Conjure Flame         Conj/Fire      ###.....     4%          3    None
e - Blink                 Tloc           N/A          1%          2    None
f - Mephitic Cloud        Conj/Pois/Air  ###.....     1%          3    None
g - Summon Ice Beast      Ice/Summ       ####....     4%          4    ###....
h - Confusing Touch       Hex            ####..       1%          1    None
i - Ozocubu's Armour      Chrm/Ice       ###.....     1%          3    None
j - Regeneration          Chrm/Necr      ###.......   3%          3    None


Dungeon Overview and Level Annotations

Branches:
Dungeon (14/15)            Temple (1/1) D:5            Lair (6/6) D:10
 Shoals (0/4) Lair:2        Snake (0/4) Lair:3        Slime (0/5) Lair:5
    Orc (2/2) D:10            Elf (0/3) Orc:2
 Vaults: D:13-14

Altars:
Ashenzari
Cheibriados
Dithmenos
Elyvilon
Fedhas
Gozag
Hepliaklqana
Kikubaaqudgha
Makhleb
Nemelex Xobeh
Okawaru
Qazlal
Ru
Sif Muna
Trog
Uskayaw
Vehumet
Wu Jian
Xom
Yredelemnul
Zin
The Shining One
Beogh

Shops:
D:5 %   D:10 ?   Orc:2 [}}

Annotations:
D:4 Peloso's ghost, amateur DsFi
D:7 kober's ghost, novice BaFi
D:8 Maurice
Lair:3 exclusion: oklob plant
Orc:1 exclusion: downstairs


Innate Abilities, Weirdness & Mutations

You cannot wear armour.
You are incapable of wielding weapons or throwing items.
Your paws allow you to move quietly. (Stealth)
You have sharp claws.
You have razor-sharp teeth.
You have supernaturally acute eyesight. (SInv)
You are carnivorous and can eat meat at any time.
You cover ground quickly.
Your thick and shaggy fur keeps you warm. (AC +3, rC+)
You have a slow metabolism.
Your sharp claws are effective at attacking unaware monsters.
You are partially covered in iridescent scales. (AC +2)
You are partially covered in thin metallic scales. (AC +2)
You have a somewhat thin skeletal structure. (Dex +2, Stealth)
You possess an exceptional clarity of mind.
You passively map the area around you.
Your system is resistant to poisons. (rPois)
Your muscles are strong. (Str +2)
You are occasionally teleported next to monsters.
You evolve.


Message History

The wolf spider is moderately wounded.
The wolf spider looks more healthy.
The wolf spider completely misses you. The wolf spider misses you.
The wolf spider hits you! The wolf spider completely misses you.
You are too injured to fight recklessly!
You are too injured to fight recklessly!
There is a stone staircase leading up, spattered with blood here.
Casting: Olgreb's Toxic Radiance
Confirm with . or Enter, or press ? or * to list all spells.
You begin to radiate toxic energy.
The wolf spider is poisoned.
The wolf spider hits you!!
* * * LOW HITPOINT WARNING * * *
The wolf spider completely misses you.
Unknown command.
You feel much better. "Serve the mortal, my child!"
The wolf spider hits you!
* * * LOW HITPOINT WARNING * * *
The wolf spider completely misses you. The wolf spider hits you!
You die...

, ,.. .. ,
#.#$# ,# , ,
#...####.# , ,
,*...#..... ,
....... , , ,
#...., , , ,,
* , , , #5.#
,,, ##s†##.#.
,* , ,
#@.†...... , *
, ,
#..........
,,,
#..).......,,,
, , ,
,,...........
,
###.........,
#.......†. *
#.........
#........* *
,, ,*


You could see a wolf spider and a friendly iron imp.

Vanquished Creatures
  Kirke (D:14)
  The ghost of raetorn the Severer, a journeyman MiFi of Okawaru (Orc:2)
  A spark wasp (shapeshifter) (Orc:2)
  The ghost of koorschki the Destroyer, a journeyman DsFE of Vehumet (D:11)
  Erolcha (Orc:2)
  Harold (D:12)
  A catoblepas (Lair:6)
  A hydra (D:13)
  Erica (D:11)
  3 centaur warriors (D:13)
  3 death yaks
  2 two-headed ogres
  2 ogre magi (Orc:2)
  An orc high priest (Orc:1)
  Sonja (Orc:2)
  2 unseen horrors
  An orc knight (D:10)
  9 orc sorcerers
  6 cyclopes
  3 ugly things
  A salamander (Lair:6)
  2 manticores (D:12)
  A black mamba (Lair:3)
  5 elephants
  2 gargoyles
  2 spiny frogs
  4 komodo dragons
  A rime drake (Lair:1)
  2 ice devils (D:12)
  2 trolls
  7 meliai
  A polar bear (Lair:3)
  A hornet (Lair:6)
  Prince Ribbit (D:8)
  A minotaur skeleton (Lab)
  2 dream sheep
  2 slime creatures
  5 blink frogs
  7 hippogriffs
  5 wraiths
  A wyvern (D:12)
  2 redbacks
  38 yaks
  2 vampires (D:12)
  3 hogs (D:14)
  4 basilisks
  Menkaure (D:6)
  A steam dragon (Lair:4)
  4 wargs
  3 water moccasins
  5 porcupines
  4 sky beasts
  18 orc warriors
  6 ice beasts
  A necrophage (D:6)
  4 black bears
  8 ogres
  A phantom (D:7)
  31 wolves
  14 centaurs
  8 crocodiles
  A big kobold (D:9)
  10 bullfrogs
  A wyvern skeleton (D:10)
  6 scorpions
  3 wights
  2 howler monkeys
  2 crimson imps
  2 bullfrog zombies
  A quasit (D:7)
  3 hounds
  5 centaur skeletons
  2 centaur zombies
  3 jellies
  3 bullfrog skeletons
  13 orc priests
  32 orc wizards
  5 iguanas
  12 worker ants
  A killer bee zombie (D:9)
  A hound zombie (D:8)
  2 worker ant zombies
  11 adders
  3 shadow imps
  A white imp (D:5)
  2 worms
  2 adder skeletons
  3 dart slugs
  4 leopard geckos
  84 orcs
  5 bats (D:1)
  6 giant cockroaches
  9 goblins
  A hobgoblin (D:3)
  7 jackals
  13 kobolds
  A quokka (D:3)
  2 ball pythons (D:2)
  3 frilled lizards
  A jackal skeleton (D:6)
  A leopard gecko skeleton (D:4)
  6 rats
530 creatures vanquished.

Vanquished Creatures (collateral kills)
  Nessos (Lair:4)
  A minotaur (Lab)
  A catoblepas (Lair:4)
  2 hydras
  The ghost of Gitz the Cleaver, a journeyman DsBe of Trog (D:11)
  3 death yaks
  A deep elf mage (D:13)
  An orc sorcerer (Orc:2)
  A cyclops (shapeshifter) (Orc:2)
  4 elephants
  2 black mambas (Lair:5)
  2 torpor snails
  7 spiny frogs
  A centaur skeleton (D:5)
  2 trolls
  3 komodo dragons
  3 slime creatures
  2 blink frogs (Lair:3)
  A snapping turtle (Lair:2)
  5 dream sheep
  4 hogs (D:14)
  A wyvern (Lair:3)
  A hungry ghost (D:12)
  12 yaks
  A warg (Orc:1)
  2 nagas (Lair:3)
  An acid dragon (D:12)
  5 water moccasins
  3 porcupines
  3 ice beasts
  A sky beast (D:5)
  3 orc warriors
  A black bear (D:12)
  13 wolves
  3 ogres
  A centaur (D:12)
  2 crocodiles
  A big kobold (D:10)
  A bullfrog (D:11)
  A scorpion (D:12)
  4 wights
  A crimson imp (D:12)
  A centaur zombie (D:11)
  A hound (D:12)
  4 orc wizards
  3 orc priests
  An iguana (D:7)
  A worker ant (D:12)
  A hound zombie (D:9)
  An adder (D:6)
  A howler monkey skeleton (D:11)
  11 orcs
  A quokka skeleton (D:7)
135 creatures vanquished.

Vanquished Creatures (others)
  A two-headed ogre (D:9)
  A dancing weapon (D:10)
  A torpor snail (Lair:6)
  A wolf (Lair:3)
  A wight (D:11)
  A howler monkey (D:11)
  An adder skeleton (D:9)
  A bush (Lair:6)
  13 fungi
  8 plants
29 creatures vanquished.

Grand Total: 694 creatures vanquished

Notes
Turn   | Place    | Note
-------+----------+-------------------------------------------
     0 | D:1      | Jannitor the Felid Chaos Knight began the quest for the Orb.
     0 | D:1      | Reached XP level 1. HP: 10/10 MP: 2/2
    15 | D:1      | XOM: divination: detect items
    93 | D:1      | XOM: harmless Hex miscast
   268 | D:1      | Reached skill level 1 in Stealth
   268 | D:1      | Reached XP level 2. HP: 7/14 MP: 3/3
   435 | D:1      | XOM: summons 1 hostile demon
   510 | D:1      | Found an iron altar of Okawaru.
   556 | D:1      | XOM: noise
   576 | D:1      | XOM: butterfly on damage
   600 | D:1      | XOM: 9-stop teleportation journey
   624 | D:1      | XOM: 10-stop teleportation journey
   902 | D:1      | XOM: 2-stop teleportation journey
  1042 | D:1      | XOM is BORED!
  1042 | D:1      | XOM: give mutations
  1042 | D:1      | Gained mutation: Your flesh is cold resistant. (rC+) [Xom's mischief]
  1147 | D:2      | Reached XP level 3. HP: 17/17 MP: 4/4
  1272 | D:2      | XOM: divination: detect items
  1291 | D:2      | XOM: cleaving
  1299 | D:2      | XOM: butterfly on damage
  1721 | D:2      | Found an opulent altar of Gozag.
  1785 | D:2      | Reached skill level 4 in Dodging
  2292 | D:3      | Reached XP level 4. HP: 21/21 MP: 5/5
  2331 | D:3      | Xom revived you
  2334 | D:3      | Lost mutation: Your flesh is cold resistant. (rC+) [potion of mutation]
  2334 | D:3      | Gained mutation: You possess an exceptional clarity of mind. [potion of mutation]
  2334 | D:3      | Gained mutation: You are partially covered in slimy green scales. (AC +2) [potion of mutation]
  2334 | D:3      | Gained mutation: You have a somewhat thin skeletal structure. (Dex +2, Stealth) [potion of mutation]
  2348 | D:3      | Reached XP level 5. HP: 10/25 MP: 6/6
  2608 | D:3      | XOM: harmless Tloc miscast
  2623 | D:3      | Noticed a wolf
  2623 | D:3      | a worm changed into a wolf
  2623 | D:3      | XOM: polymorph worm -> wolf
  2632 | D:3      | HP: 1/25 [wolf (3)]
  2633 | D:3      | Mangled by a wolf
  2634 | D:3      | Reached XP level 4. HP: -9/22 MP: 5/5
  2772 | D:4      | Noticed Peloso's ghost (amateur DsFi)
  2890 | D:4      | XOM: severe Chrm miscast
  2890 | D:4      | Paralysed by the severe capriciousness of Xom for 6 turns
  2997 | D:5      | Entered Level 5 of the Dungeon
  3040 | D:5      | Noticed a phantom
  3080 | D:5      | Noticed an ice beast
  3085 | D:5      | XOM: butterfly on damage
  3086 | D:5      | XOM: confuse monster(s)
  3099 | D:5      | XOM: swap monsters
  3105 | D:5      | XOM: 1-stop teleportation journey
  3106 | D:5      | Noticed a centaur
  3112 | D:5      | HP: 1/22 [centaur (7)]
  3115 | D:5      | XOM: enchant monster (bad)
  3117 | D:5      | Killed a centaur
  3117 | D:5      | Reached skill level 5 in Dodging
  3117 | D:5      | Reached XP level 5. HP: 11/25 MP: 6/6
  3140 | D:5      | XOM: mild Hex miscast
  3296 | D:5      | Found a staircase to the Ecumenical Temple.
  3305 | Temple   | Entered the Ecumenical Temple
  3366 | Temple   | XOM: mild Conj miscast
  3538 | D:5      | Found Efuabad's Food Emporium.
  3538 | D:5      | XOM: 2-stop teleportation journey
  3539 | D:5      | Noticed a sky beast
  3585 | D:5      | XOM: give mutations
  3585 | D:5      | Gained mutation: You are dopey. (Int -2) [Xom's mischief]
  3585 | D:5      | Gained mutation: You evolve. [Xom's mischief]
  3585 | D:5      | Gained mutation: You are agile. (Dex +2) [Xom's mischief]
  3585 | D:5      | Lost mutation: You evolve. [Xom's mischief]
  3660 | D:5      | XOM: silly message
  3683 | D:5      | HP: 1/25 [poisoned by a worker ant]
  3959 | D:5      | XOM: polymorph crimson imp -> white imp
  4090 | D:5      | XOM: 1-stop teleportation journey
  4094 | D:5      | Gained mutation: You are covered in thick fur. (AC +2) [Felid growth]
  4094 | D:5      | Reached XP level 6. HP: 25/29 MP: 7/7
  4231 | D:5      | XOM: cast spell 'Shadow Creatures'
  4526 | D:5      | XOM: cast spell 'Olgreb's Toxic Radiance'
  4532 | Temple   | XOM: mild Necr miscast
  4822 | D:5      | Killed an ice beast
  4956 | D:5      | Reached skill level 5 in Stealth
  4997 | D:5      | XOM: cast spell 'Summon Horrible Things'
  5003 | D:5      | Killed a sky beast
  5003 | D:5      | Reached XP level 7. HP: 23/33 MP: 8/8
  5024 | D:5      | Reached skill level 5 in Fighting
  5024 | D:5      | Reached skill level 6 in Dodging
  5024 | D:5      | Reached skill level 5 in Unarmed Combat
  5405 | D:5      | XOM: butterfly on damage
  5662 | D:6      | Noticed Menkaure
  5849 | D:6      | XOM: destruction
  5858 | D:6      | XOM: butterfly on damage
  5863 | D:6      | XOM: summons friendly white imp
  5865 | D:6      | Killed Menkaure
  5928 | D:6      | XOM: noise
  5929 | D:6      | XOM: divination: magic mapping
  5930 | D:6      | XOM: potion effect (brilliance)
  5937 | D:6      | Reached skill level 7 in Dodging
  5937 | D:6      | Reached XP level 8. HP: 20/37 MP: 9/9
  6111 | D:6      | Learned a level 2 spell: Poisonous Vapours
  6116 | D:6      | Learned a level 4 spell: Summon Lightning Spire
  6362 | D:6      | XOM: silly message
  6579 | D:6      | Reached skill level 1 in Summonings
  6739 | D:7      | Reached skill level 1 in Air Magic
  6797 | D:7      | Found a hide-covered altar of Uskayaw.
  6797 | D:7      | Found a glowing golden altar of the Shining One.
  6797 | D:7      | XOM: 3-stop teleportation journey
  6800 | D:7      | Noticed kober's ghost (novice BaFi)
  6805 | D:7      | XOM: enchant monster (good)
  6950 | D:7      | Reached skill level 1 in Spellcasting
  6950 | D:7      | Reached skill level 1 in Poison Magic
  6991 | D:7      | Noticed a hippogriff
  6994 | D:7      | XOM: scenery: create altars
  7001 | D:7      | XOM: summons friendly shadow imp
  7114 | D:7      | XOM: butterfly on damage
  7390 | D:7      | a hippogriff changed into a redback
  7390 | D:7      | XOM: polymorph hippogriff -> redback
  7391 | D:7      | XOM: cleaving
  7393 | D:7      | Reached XP level 9. HP: 41/41 MP: 2/13
  7543 | D:7      | XOM: confuse monster(s)
  7548 | D:7      | XOM: cast spell 'Call Canine Familiar'
  7549 | D:7      | XOM: confuse monster(s)
  7573 | D:7      | XOM: enchant monster (good)
  8002 | D:8      | Noticed Prince Ribbit
  8010 | D:8      | XOM: harmless Pois miscast
  8014 | D:8      | XOM: divination: detect items
  8037 | D:8      | Killed Prince Ribbit
  8233 | D:8      | Learned a level 4 spell: Olgreb's Toxic Radiance
  8450 | D:8      | XOM: smoke on damage
  8510 | D:8      | XOM: torment (19/41 hp)
  8726 | D:8      | XOM: 4-stop teleportation journey
  8727 | D:8      | XOM: chaos cloud
  8988 | D:8      | XOM: summons 2 hostile shadow creatures
  9277 | D:8      | XOM: silly message
  9375 | D:8      | Noticed Maurice
  9432 | D:8      | XOM: medium Ice miscast
  9561 | D:9      | Noticed a two-headed ogre
  9618 | D:9      | Noticed a two-headed ogre
  9631 | D:9      | XOM: potion effect (curing)
  9632 | D:9      | XOM: enchant monster (good)
  9954 | D:9      | XOM: cast spell 'Summon Mana Viper'
  9978 | D:9      | Killed a two-headed ogre
  9978 | D:9      | Reached skill level 5 in Summonings
  9978 | D:9      | Reached XP level 10. HP: 45/45 MP: 7/17
  9978 | D:9      | XOM: divine lightning
 10046 | D:9      | XOM: enchant monster (good)
 10143 | D:9      | XOM: swap monsters
 10522 | D:9      | Found a snail-covered altar of Cheibriados.
 10526 | D:9      | Found a sparkling altar of Nemelex Xobeh.
 10732 | D:9      | XOM: harmless Air miscast
 10786 | D:9      | Killed a two-headed ogre
 10808 | D:9      | XOM: god gift: 27 gold pieces
 10913 | D:10     | Entered Level 10 of the Dungeon
 10913 | D:10     | Found Quoxiduxt's Magic Scroll Shoppe.
 10923 | D:10     | Bought a scroll of vulnerability for 105 gold pieces
 10923 | D:10     | Bought a scroll of teleportation for 42 gold pieces
 10976 | D:10     | Found a staircase to the Orcish Mines.
 10980 | D:10     | Found a transporter.
 10996 | D:10     | XOM: give mutation
 11107 | D:10     | XOM is BORED!
 11107 | D:10     | XOM: 1-stop teleportation journey
 11117 | D:10     | XOM: 3-stop teleportation journey
 11207 | D:10     | Reached skill level 5 in Poison Magic
 11263 | D:10     | XOM: noise
 11289 | D:10     | Reached skill level 5 in Spellcasting
 11491 | D:10     | XOM: cast spell 'Dispersal'
 11585 | D:10     | Reached skill level 8 in Dodging
 11733 | D:10     | XOM: summons 3 hostile demons
 11782 | D:10     | Found a staircase to the Lair.
 12074 | D:11     | XOM: swap monsters
 12078 | D:11     | XOM: chaos upgrade
 12092 | D:11     | XOM: enchant monster (good)
 12098 | D:11     | XOM: noise
 12116 | D:11     | Noticed Gitz's ghost (journeyman DsBe)
 12119 | D:11     | XOM: cast spell 'Summon Dragon'
 12131 | D:11     | XOM: confuse monster(s)
 12153 | D:11     | XOM: give mutations
 12153 | D:11     | Lost mutation: You are partially covered in slimy green scales. (AC +2) [Xom's mischief]
 12153 | D:11     | Gained mutation: Your body sometimes deteriorates upon taking damage. [Xom's mischief]
 12153 | D:11     | Gained mutation: Your body often deteriorates upon taking damage. [Xom's mischief]
 12153 | D:11     | Gained mutation: Your magical capacity is low. (-10% MP) [Xom's mischief]
 12337 | D:11     | XOM: summons 5 hostile demons
 12457 | D:11     | Noticed a gargoyle
 12459 | D:11     | Noticed Erica
 12661 | Lair:1   | Entered Level 1 of the Lair of Beasts
 12661 | Lair:1   | Noticed a spiny frog
 12661 | Lair:1   | XOM: 1-stop teleportation journey
 12711 | Lair:1   | XOM: enchant monster (bad)
 12724 | Lair:1   | XOM: swap monsters
 12726 | Lair:1   | Reached XP level 11. HP: 47/48 MP: 2/18
 12855 | Lair:1   | XOM: severe Tmut miscast
 12922 | Lair:1   | XOM: noise
 13000 | Lair:1   | Reached skill level 9 in Dodging
 13054 | Lair:1   | Learned a level 3 spell: Conjure Flame
 13498 | Lair:1   | XOM: mild Hex miscast
 13614 | Lair:2   | XOM: harmless Fire miscast
 13688 | Lair:2   | XOM: summons friendly crimson imp
 13774 | Lair:2   | Found a staircase to the Shoals.
 13801 | Lair:2   | Reached skill level 1 in Fire Magic
 14000 | Lair:2   | XOM: 2-stop teleportation journey
 14003 | Lair:2   | XOM: cast spell 'Olgreb's Toxic Radiance'
 14154 | Lair:2   | XOM: mild Pois miscast
 14221 | Lair:2   | XOM: butterfly on damage
 14335 | Lair:2   | Learned a level 2 spell: Blink
 14338 | Lair:2   | XOM: harmless Hex miscast
 14343 | Lair:2   | XOM: destruction
 14924 | Lair:3   | XOM: repel stairs
 14958 | Lair:3   | Found a labyrinth entrance.
 14968 | Lab      | Entered a labyrinth
 15055 | Lab      | Found an exit through the horrors of the Abyss.
 15577 | Lab      | XOM: 2-stop teleportation journey
 15703 | Lab      | XOM: god gift: ration
 15741 | Lab      | Learned a level 3 spell: Mephitic Cloud
 15760 | Lab      | Noticed a minotaur
 15769 | Lab      | Killed a minotaur
 15843 | Lab      | Got a pitted bone ring
 15845 | Lab      | Identified the ring "Nacil" {Fire Str+3 Int-5 Dex+6 Stlth+} (You found it in a labyrinth)
 15872 | Lab      | XOM: scenery: 4 doors close
 15878 | Lair:3   | XOM: 2-stop teleportation journey
 16037 | Lair:3   | Reached skill level 10 in Dodging
 16141 | Lair:3   | Noticed an oklob plant
 16185 | Lair:3   | XOM: summons 3 friendly demons
 16186 | Lair:3   | XOM: confuse monster(s)
 16195 | Lair:3   | XOM: smoke on damage
 16238 | Lair:3   | XOM: god gift: 37 gold pieces
 16285 | Lair:3   | Found a staircase to the Snake Pit.
 16749 | Lair:3   | XOM: god gift: helmet {god gift}
 16804 | Lair:3   | XOM: swap monsters
 17117 | Lair:3   | XOM: give mutations
 17117 | Lair:3   | Gained mutation: You are partially covered in thin metallic scales. (AC +2) [Xom's grace]
 17117 | Lair:3   | Gained mutation: You passively map a small area around you. [Xom's grace]
 17117 | Lair:3   | Gained mutation: You are partially covered in iridescent scales. (AC +2) [Xom's grace]
 17141 | Lair:4   | XOM: divination: magic mapping
 17146 | Lair:4   | XOM: divination: magic mapping
 17148 | Lair:4   | Gained mutation: Your thick and shaggy fur keeps you warm. (AC +3, rC+) [Felid growth]
 17148 | Lair:4   | Reached XP level 12. HP: 45/52 MP: 2/21
 17160 | Lair:3   | XOM: cast spell 'Alistair's Intoxication'
 17387 | Lair:4   | Noticed Nessos
 17388 | Lair:4   | XOM: butterfly on damage
 17478 | Lair:4   | Noticed a six-headed hydra
 17480 | Lair:3   | XOM: butterfly on damage
 17606 | Lair:3   | XOM: cast spell 'Summon Horrible Things'
 17608 | Lair:3   | Reached skill level 1 in Translocations
 17610 | Lair:3   | Killed a six-headed hydra
 17672 | Lair:3   | XOM: destruction
 17988 | Lair:4   | XOM: enchant monster (bad)
 18122 | Lair:3   | Learned a level 4 spell: Summon Ice Beast
 18201 | Lair:4   | XOM: divination: detect creatures
 18219 | Lair:3   | XOM: blink monster(s)
 18228 | Lair:3   | XOM: blink monster(s)
 18278 | Lair:3   | XOM: butterfly on damage
 18291 | Lair:3   | XOM: swap monsters
 18309 | Lair:3   | XOM: torment (26/53 hp)
 18648 | Lair:5   | XOM: mild Air miscast
 18679 | Lair:5   | XOM: swap monsters
 18834 | Lair:5   | Reached skill level 11 in Dodging
 18840 | Lair:5   | XOM: draining
 18916 | Lair:5   | Found a staircase to the Slime Pits.
 18916 | Lair:5   | XOM: blink monster(s)
 18999 | Lair:5   | XOM: mild Conj miscast
 19074 | Lair:5   | XOM: confuse monster(s)
 19083 | Lair:5   | XOM: cleaving
 19085 | Lair:5   | XOM: 3-stop teleportation journey
 19264 | Lair:5   | Found a shadowy altar of Dithmenos.
 19357 | Lair:5   | XOM: 2-stop teleportation journey
 19549 | Lair:5   | XOM: 5-stop teleportation journey
 20014 | Lair:4   | XOM: cast spell 'Cause Fear'
 20023 | Lair:4   | Killed Nessos
 20436 | Lair:4   | XOM: scenery: create altars
 20444 | Lair:4   | XOM: summons friendly quasit
 20450 | Lair:4   | XOM: give mutations
 20450 | Lair:4   | Gained mutation: You passively map the area around you. [Xom's grace]
 20450 | Lair:4   | Gained mutation: Your system is resistant to poisons. (rPois) [Xom's grace]
 20450 | Lair:4   | Gained mutation: Your muscles are strong. (Str +2) [Xom's grace]
 20639 | Lair:4   | XOM: destruction
 20943 | Lair:4   | XOM: butterfly on damage
 21142 | Lair:4   | Noticed a catoblepas
 21155 | Lair:4   | Killed a catoblepas
 21661 | Lair:5   | XOM: give mutations
 21661 | Lair:5   | Gained mutation: You evolve. [Xom's grace]
 21661 | Lair:5   | Gained mutation: Your muscles are very strong. (Str +4) [Xom's grace]
 21661 | Lair:5   | Gained mutation: You have a pair of small horns on your head. [Xom's grace]
 21764 | Lair:5   | XOM: god gift: 4 curare-tipped needles
 21823 | Lair:5   | XOM: medium Tloc miscast
 21889 | Lair:6   | Entered Level 6 of the Lair of Beasts
 21921 | Lair:6   | Reached skill level 1 in Ice Magic
 21931 | Lair:6   | XOM: summons friendly white imp
 22055 | Lair:6   | Noticed a death yak
 22056 | Lair:6   | Noticed a death yak
 22060 | Lair:6   | XOM: swap monsters
 22064 | Lair:6   | Noticed a five-headed hydra
 22075 | Lair:6   | XOM: summons friendly ufetubus
 22077 | Lair:6   | XOM: enchant monster (good)
 22089 | Lair:5   | XOM: confuse monster(s)
 22103 | Lair:5   | XOM: cast spell 'Death Channel'
 22113 | Lair:5   | Killed a death yak
 22326 | Lair:6   | XOM: god gift: potion of berserk rage
 22373 | Lair:6   | XOM: cast spell 'Death Channel'
 22378 | Lair:6   | XOM: polymorph elephant -> salamander
 22393 | Lair:6   | Reached XP level 13. HP: 48/58 MP: 5/24
 22398 | Lair:6   | Reached skill level 1 in Evocations
 22487 | Lair:6   | XOM: summons 5 hostile demons
 22510 | Lair:6   | XOM: summons friendly shadow imp
 22730 | Lair:6   | XOM: repel stairs
 22740 | Lair:6   | XOM: harmless Conj miscast
 23093 | Lair:6   | XOM: potion effect (haste)
 23096 | Lair:6   | XOM: summons friendly ufetubus
 23130 | Lair:6   | XOM: enchant monster (bad)
 23468 | Lair:6   | Reached skill level 10 in Unarmed Combat
 23551 | Lair:6   | Gained mutation: You rapidly evolve. [evolution]
 23605 | Lair:6   | XOM: mild Erth miscast
 23712 | Lair:6   | XOM: enchant monster (good)
 23731 | Lair:6   | XOM: polymorph yak -> meliai
 23751 | Lair:6   | XOM: enchant monster (good)
 23828 | Lair:5   | XOM: medium Tmut miscast
 24258 | Lair:6   | XOM: blink monster(s)
 24270 | Lair:6   | XOM: polymorph crocodile -> hornet
 24534 | Lair:6   | XOM: harmless Conj miscast
 24898 | Lair:6   | XOM: harmless Necr miscast
 24919 | Lair:6   | XOM: divine lightning
 25358 | Lair:6   | Learned a level 1 spell: Confusing Touch
 25366 | Lair:6   | XOM: swap monsters
 25594 | Lair:6   | XOM: harmless Chrm miscast
 25627 | Lair:6   | XOM: swap monsters
 25637 | Lair:6   | Reached skill level 1 in Hexes
 25716 | Lair:6   | XOM: give mutations
 25716 | Lair:6   | Lost mutation: Your body often deteriorates upon taking damage. [Xom's mischief]
 25716 | Lair:6   | Lost mutation: Your magical capacity is low. (-10% MP) [Xom's mischief]
 25778 | Lair:6   | XOM: butterfly on damage
 25835 | Lair:5   | XOM: medium Hex miscast
 25931 | Orc:1    | Entered Level 1 of the Orcish Mines
 26063 | Orc:1    | XOM: summons friendly white imp
 26069 | Orc:1    | XOM: noise
 26097 | D:10     | XOM: noise
 26164 | D:10     | XOM: mild Conj miscast
 26286 | D:10     | XOM: medium Necr miscast
 26380 | D:10     | XOM: medium Summ miscast
 26432 | D:9      | XOM: give mutations
 26432 | D:9      | Lost mutation: You have a pair of small horns on your head. [Xom's mischief]
 26432 | D:9      | Lost mutation: Your body sometimes deteriorates upon taking damage. [Xom's mischief]
 26432 | D:9      | Lost mutation: You possess an exceptional clarity of mind. [Xom's mischief]
 26432 | D:9      | Lost strength.
 26432 | D:9      | Lost mutation: Your muscles are very strong. (Str +4) [Xom's mischief]
 26512 | D:10     | Found a roughly hewn altar of Beogh.
 26519 | D:10     | Lost mutation: You have a somewhat thin skeletal structure. (Dex +2, Stealth) [a neqoxec]
 26543 | D:10     | XOM: mild Air miscast
 26878 | D:10     | XOM: medium Conj miscast
 27396 | D:10     | XOM: scenery: create altars
 27411 | D:11     | Noticed koorschki's ghost (journeyman DsFE)
 27415 | D:11     | XOM: confuse monster(s)
 27452 | D:10     | XOM: harmless Erth miscast
 27565 | D:10     | XOM: noise
 27954 | D:11     | XOM: divination: magic mapping
 28093 | D:10     | XOM: scenery: create altars
 28116 | D:11     | XOM: destruction
 28122 | D:10     | XOM: confuse monster(s)
 28224 | D:11     | XOM: smoke on damage
 28251 | D:10     | XOM: cleaving
 28293 | D:10     | XOM: god gift: 3 needles of sleeping
 28898 | D:10     | XOM: god gift: runed spear {god gift}
 29354 | D:11     | Killed Erica
 29687 | D:11     | XOM: potion effect (curing)
 29689 | D:11     | XOM: butterfly on damage
 29701 | D:11     | XOM: divine lightning
 29703 | D:11     | HP: 2/59 [poisoned by koorschki's ghost]
 29704 | D:11     | Killed from afar by koorschki's ghost
 29705 | D:11     | Reached XP level 12. HP: -6/56 MP: 4/26
 29722 | D:11     | Learned a level 3 spell: Ozocubu's Armour
 29750 | D:11     | XOM: scenery: create altars
 29757 | D:11     | XOM: confuse monster(s)
 29764 | D:11     | Killed Gitz's ghost
 29846 | D:11     | XOM: divination: detect items
 29948 | D:11     | XOM: enchant monster (good)
 29950 | D:11     | XOM: 2-stop teleportation journey
 30031 | D:11     | XOM: scenery: create altars
 30058 | D:11     | XOM: divination: magic mapping
 30132 | D:11     | Gained mutation: You are robust. (+10% HP) [evolution]
 30225 | D:12     | Noticed Harold
 30226 | D:12     | Killed Harold
 30230 | D:12     | XOM: divination: detect items
 30239 | D:11     | XOM: fog
 30374 | D:12     | XOM: smoke on damage
 30461 | D:12     | XOM: cast spell 'Shadow Creatures'
 30483 | D:12     | XOM: confuse monster(s)
 30484 | D:12     | XOM: scenery: create altars
 30578 | D:12     | XOM: scenery: create altars
 30580 | D:12     | XOM: cast spell 'Chain of Chaos'
 30629 | D:12     | Found a frozen archway.
 30630 | D:12     | XOM: summons friendly quasit
 30654 | D:12     | XOM: god gift: 1440 gold pieces
 30663 | IceCv    | Entered an ice cave
 30670 | IceCv    | XOM: enchant monster (good)
 30854 | IceCv    | Found a transporter.
 31141 | IceCv    | Lost mutation: You are dopey. (Int -2) [evolution]
 32735 | IceCv    | Identified Xom's Papyrus of Fanaticism (Xom gifted it to you in an ice cave)
 32735 | IceCv    | XOM: god gift: Xom's Papyrus of Fanaticism
 32741 | IceCv    | Learned a level 3 spell: Regeneration
 33026 | D:12     | XOM: mild Ice miscast
 33248 | D:12     | XOM: confuse monster(s)
 33328 | D:12     | XOM: mild Hex miscast
 33378 | D:13     | Reached skill level 12 in Dodging
 33399 | D:13     | XOM is BORED!
 33399 | D:13     | XOM: noise
 33450 | D:13     | XOM: harmless Tloc miscast
 33450 | D:13     | Reached XP level 13. HP: 13/66 MP: 1/27
 33450 | D:13     | Killed from afar by a meliai
 33451 | D:13     | Reached XP level 12. HP: -1/62 MP: 1/26
 33537 | D:13     | Noticed a centaur warrior
 33542 | D:13     | Noticed a two-headed ogre
 33586 | D:13     | Killed a two-headed ogre
 33615 | D:13     | XOM: 1-stop teleportation journey
 33745 | D:13     | Noticed a centaur warrior
 33747 | D:13     | Killed a centaur warrior
 33785 | D:13     | XOM: chaos upgrade
 33859 | D:13     | Noticed a centaur warrior
 33933 | D:13     | XOM: 5-stop teleportation journey
 33961 | D:13     | HP: 2/62 [meliai/divine providence (16)]
 34178 | D:12     | XOM: mild Tloc miscast
 34240 | D:13     | XOM: divination: magic mapping
 34341 | D:10     | XOM: medium Summ miscast
 34432 | D:10     | XOM: noise
 34447 | D:10     | XOM: divine lightning
 34467 | D:10     | Reached skill level 1 in Charms
 34684 | Orc:1    | XOM: scenery: create altars
 34798 | D:10     | XOM: give mutations
 34798 | D:10     | Gained mutation: You are dopey. (Int -2) [Xom's mischief]
 34798 | D:10     | Lost mutation: You are robust. (+10% HP) [Xom's mischief]
 34798 | D:10     | Lost mutation: You are agile. (Dex +2) [Xom's mischief]
 35084 | Orc:1    | XOM: give mutations
 35084 | Orc:1    | Lost mutation: You rapidly evolve. [Xom's mischief]
 35084 | Orc:1    | Gained mutation: You are occasionally teleported next to monsters. [Xom's mischief]
 35084 | Orc:1    | Lost mutation: You are dopey. (Int -2) [Xom's mischief]
 35084 | Orc:1    | Gained mutation: You have a somewhat thin skeletal structure. (Dex +2, Stealth) [Xom's mischief]
 35372 | Orc:1    | Noticed an orc high priest
 35391 | Orc:1    | Killed an orc high priest
 35767 | Orc:1    | XOM: summons 4 hostile demons
 35942 | Orc:2    | Entered Level 2 of the Orcish Mines
 35942 | Orc:2    | Noticed Sonja
 36022 | Orc:2    | XOM: butterfly on damage
 36105 | Orc:2    | Noticed Josephine
 36271 | Orc:2    | Noticed Josephine
 36271 | Orc:2    | Josephine changed into Josephine the spark wasp
 36271 | Orc:2    | XOM: polymorph Josephine -> Josephine the spark wasp
 36507 | Orc:2    | Noticed raetorn's ghost (journeyman MiFi)
 36509 | Orc:1    | XOM: god gift: 6 rations
 36622 | Orc:2    | XOM: enchant monster (bad)
 36634 | Orc:2    | Killed Josephine the spark wasp
 36641 | Orc:2    | XOM: swap monsters
 36642 | Orc:2    | XOM: confusion (+ monsters)
 37069 | Orc:1    | XOM: give mutations
 37069 | Orc:1    | Gained mutation: Your spells are a little easier to cast, but a little less powerful. [Xom's mischief]
 37069 | Orc:1    | Gained mutation: You possess an exceptional clarity of mind. [Xom's mischief]
 37212 | Orc:1    | Reached skill level 10 in Spellcasting
 37301 | Orc:1    | XOM: god gift: 8 curare-tipped needles
 37312 | Orc:2    | XOM: enchant monster (good)
 37327 | Orc:2    | XOM: summons 12 friendly demons
 37328 | Orc:2    | Killed Sonja
 37328 | Orc:2    | Found an ancient bone altar of Kikubaaqudgha.
 37328 | Orc:2    | Found Feqepaps's Distillery.
 37328 | Orc:2    | XOM: 4-stop teleportation journey
 37335 | Orc:2    | XOM: confuse monster(s)
 37422 | Orc:2    | XOM: summons 1 hostile shadow creature
 37540 | Orc:2    | Reached XP level 13. HP: 61/61 MP: 28/28
 37731 | Orc:2    | Noticed Erolcha
 37736 | Orc:2    | XOM: fake destruction
 37740 | Orc:2    | XOM: enchant monster (good)
 37758 | Orc:2    | Killed Erolcha
 37786 | Orc:2    | Found a staircase to the Elven Halls.
 38177 | Orc:2    | XOM: polymorph orc warrior -> worker ant
 38179 | Orc:2    | XOM: confuse monster(s)
 38197 | Orc:2    | XOM: summons 5 friendly demons
 38205 | Orc:2    | Killed raetorn's ghost
 38239 | Orc:2    | Found a radiant altar of Vehumet.
 38239 | Orc:2    | XOM: 4-stop teleportation journey
 38405 | Orc:2    | Lost mutation: Your spells are a little easier to cast, but a little less powerful. [evolution]
 38565 | Orc:2    | XOM: confuse monster(s)
 38574 | Orc:2    | Found Zumo's Gadget Boutique.
 38727 | Orc:2    | Reached skill level 13 in Dodging
 38804 | Orc:2    | XOM: polymorph orc sorcerer -> cyclops
 38809 | Orc:2    | Reached skill level 10 in Fighting
 38819 | Orc:2    | Found a roughly hewn altar of Beogh.
 38819 | Orc:2    | Found Aggaysiq's Gadget Shop.
 38819 | Orc:2    | Found Zoin's Antique Armour Boutique.
 38829 | Orc:2    | XOM: polymorph orc sorcerer -> cyclops
 38946 | Orc:2    | XOM: cloud trail
 38951 | Orc:2    | Bought a potion of cancellation for 136 gold pieces
 38951 | Orc:2    | Bought a potion of might for 68 gold pieces
 38951 | Orc:2    | Bought 2 potions of heal wounds for 170 gold pieces
 38951 | Orc:2    | Bought a potion of cancellation for 136 gold pieces
 38951 | Orc:2    | Bought a potion of heal wounds for 85 gold pieces
 38951 | Orc:2    | Bought a potion of heal wounds for 85 gold pieces
 38951 | Orc:2    | Bought a potion of heal wounds for 85 gold pieces
 38951 | Orc:2    | Bought a potion of curing for 51 gold pieces
 38951 | Orc:2    | Bought a potion of agility for 68 gold pieces
 38951 | Orc:2    | Bought a potion of might for 68 gold pieces
 38951 | Orc:2    | Bought a potion of lignification for 51 gold pieces
 38951 | Orc:2    | Bought a potion of berserk rage for 85 gold pieces
 39348 | Lair:6   | XOM: butterfly on damage
 39356 | Lair:6   | XOM: cast spell 'Summon Butterflies'
 39382 | Lair:6   | XOM: potion effect (magic)
 39385 | Lair:6   | Noticed a ghost moth
 39385 | Lair:6   | a death yak changed into a ghost moth
 39385 | Lair:6   | XOM: polymorph death yak -> ghost moth
 39391 | Lair:6   | XOM: scenery: create altars
 39394 | Lair:6   | XOM: 3-stop teleportation journey
 39703 | D:11     | XOM: mild Fire miscast
 39722 | D:11     | Killed koorschki's ghost
 40080 | D:13     | XOM: scenery: create altars
 40081 | D:13     | XOM: god gift: scroll of silence
 40085 | D:13     | XOM: summons friendly quasit
 40255 | D:13     | XOM: fog
 40266 | D:13     | XOM: scenery: create altars
 40273 | D:13     | XOM: butterfly on damage
 40287 | D:13     | XOM: summons friendly crimson imp
 40607 | D:13     | XOM: harmless Conj miscast
 40701 | D:13     | XOM: cast spell 'Alistair's Intoxication'
 40786 | D:14     | Noticed Kirke
 40792 | D:14     | Reached skill level 5 in Charms
 40806 | D:14     | Killed Kirke
 40810 | D:14     | XOM: summons friendly iron imp
 40810 | D:14     | Slain by a wolf spider

Skill      XL: |  1  2  3  4  5  6  7  8  9 10 11 12 13 |
---------------+----------------------------------------+-----
Stealth        | 1 2 3 4 5 6 7 8 |  8.7
Dodging        | 4 5 7 8 10 12 13 | 13.4
Fighting       | 4 5 6 9 10 | 10.3
Unarmed Combat | 4 5 7 8 11 10 | 11.7
Summonings     | 2 5 6 |  6.5
Air Magic      | 2 4 |  4.5
Spellcasting   | 2 4 5 7 10 9 | 10.4
Poison Magic   | 2 4 5 7 |  7.3
Fire Magic     | 3 |  3.6
Translocations | 4 |  4.0
Ice Magic      | 1 2 |  2.6
Evocations     | 4 3 |  4.5
Hexes          | 4 2 |  4.6
Charms         | 3 5 |  5.2

Action                   |  1- 3 |  4- 6 |  7- 9 | 10-12 | 13-15 || total
-------------------------+-------+-------+-------+-------+-------++-------
Melee: Unarmed           |   144 |   164 |   275 |   855 |   311 ||  1749
       Bite              |    12 |    23 |    32 |    95 |    33 ||   195
       Punch             |       |     1 |    10 |    37 |    12 ||    60
       Headbutt          |       |       |       |     5 |     6 ||    11
 Cast: Poisonous Vapours |       |       |    39 |    40 |     7 ||    86
       Olgreb's Toxic Ra |       |       |     1 |   142 |    60 ||   203
       Summon Lightning  |       |       |       |   111 |    37 ||   148
       Conjure Flame     |       |       |       |    17 |     8 ||    25
       Mephitic Cloud    |       |       |       |    17 |    23 ||    40
       Summon Ice Beast  |       |       |       |    47 |    58 ||   105
       Ozocubu's Armour  |       |       |       |    24 |     6 ||    30
       Confusing Touch   |       |       |       |    17 |    28 ||    45
       Regeneration      |       |       |       |    10 |     1 ||    11
       Blink             |       |       |       |     9 |    10 ||    19
Evoke: Wand              |       |       |     4 |    35 |    11 ||    50
  Use: Potion            |       |    12 |     7 |    11 |     4 ||    34
       Scroll            |       |     7 |     4 |    14 |     6 ||    31
 Stab: Sleeping          |     4 |     7 |    13 |    29 |     6 ||    59
       Distracted        |       |       |     3 |     8 |     3 ||    14
       Confused          |       |       |       |    14 |    29 ||    43
       Petrified         |       |       |       |     1 |       ||     1
       Paralysed         |       |       |       |       |     4 ||     4
  Eat: Chunk             |    10 |     8 |    14 |    84 |    40 ||   156
       Ration            |       |       |       |     5 |     5 ||    10
Armor: Skin              |     5 |    16 |    23 |    81 |    44 ||   169
Dodge: Dodged            |   130 |   116 |   280 |   995 |   316 ||  1837
